 Dungeon Crawl Stone Soup version 0.24.0-1-gfbc8707 (webtiles) character file.

Game seed: 15709015306075799782, levelgen mode: deterministic

4171 silenth the Cleaver (level 10, -7/96 HPs)
             Began as a Deep Dwarf Fighter on Oct 27, 2019.
             Was a Priest of Makhleb.
             Killed from afar by an orc sorcerer (33 damage)
             ... with a bolt of negative energy
             ... in a bailey.
             The game lasted 00:09:59 (6659 turns).

silenth the Cleaver (Deep Dwarf Fighter)            Turns: 6659, Time: 00:10:00

Health: -7/96      AC:  9    Str: 22    XL:     10   Next: 7%
Magic:  11/11      EV:  7    Int: 10    God:    Makhleb [***...]
Gold:   371        SH:  9    Dex: 12    Spells: 9/9 levels left

rFire    + . .     SeeInvis +   a - +1 war axe
rCold    . . .     Gourm    .   c - +0 shield
rNeg     . . .     Faith    .   b - +0 scale mail
rPois    .         Spirit   .   (no helmet)
rElec    .         Reflect  .   l - +2 cloak
rCorr    .         Harm     .   (no gloves)
MR       +....                  (no boots)
Stlth    ..........             A - amulet of magic regeneration
HPRegen  0.00/turn              t - ring of protection from fire
MPRegen  0.37/turn              k - ring of see invisible

@: non-regenerating, heavily drained
A: damage resistance, heal wounds, sense surroundings 2, no regeneration
a: Heal Wounds, Minor Destruction, Lesser Servant of Makhleb, Renounce Religion


You were in a bailey.
You worshipped Makhleb.
Makhleb was most pleased with you.
You were not hungry.

You visited 2 branches of the dungeon, and saw 9 of its levels.
You also visited: Sewer and Bailey.

You collected 371 gold pieces.

Inventory:

Hand Weapons
 a - a +1 war axe (weapon)
 F - a +0 morningstar
Missiles
 z - 2 throwing nets (quivered)
Armour
 b - a +0 scale mail (worn)
 c - a +0 shield (worn)
 l - a +2 cloak (worn)
 o - a scarf of resistance
Jewellery
 k - a ring of see invisible (right hand)
 q - an uncursed ring of magical power
 t - a ring of protection from fire (left hand)
 A - an amulet of magic regeneration (around neck)
Wands
 x - a wand of polymorph (9)
 B - a wand of iceblast (6)
 H - a wand of digging (3)
Scrolls
 f - 3 scrolls of teleportation
 g - 3 scrolls of blinking
 m - a scroll of amnesia
 n - a scroll of fear
 p - 6 scrolls of immolation
 r - 2 scrolls of remove curse
 s - a scroll of enchant weapon
 w - a scroll of fog
Potions
 d - a potion of might
 h - 2 potions of invisibility
 j - 2 potions of curing
 u - a potion of berserk rage
 C - 2 potions of flight {unknown}
 D - 3 potions of heal wounds
 E - a potion of agility
 G - a potion of haste
Comestibles
 e - 16 rations


   Skills:
 + Level 7.7(6.4) Fighting
 * Level 12.0(10.6) Axes
 - Level 3.2(2.1) Armour
 - Level 3.2(2.1) Shields
 + Level 6.8(5.5) Invocations


You had 9 spell levels left.
You didn't know any spells.
Your spell library contained the following spells:

 Spells                   Type           Power        Failure   Level  Hunger
 Animate Skeleton         Necr           N/A          99%         1    ##.....
 Apportation              Tloc           #.....       99%         1    ##.....
 Confusing Touch          Hex            #.....       99%         1    ##.....
 Shock                    Conj/Air       #...         99%         1    ##.....
 Summon Small Mammal      Summ           #...         99%         1    ##.....
 Swiftness                Chrm/Air       #.......     100%        2    ###....
 Static Discharge         Conj/Air       #.......     100%        3    ####...
 Airstrike                Air            #.........   100%        4    #####..
 Lightning Bolt           Conj/Air       #.........   100%        5    ######.


Dungeon Overview and Level Annotations

Branches:
Dungeon (8/15)             Temple (1/1) D:5           Sewer (visited)
 Bailey (1/1)
   Lair: D:8-11

Altars:
Ashenzari
Cheibriados
Dithmenos
Elyvilon
Fedhas
Gozag
Hepliaklqana
Kikubaaqudgha
Makhleb
Nemelex Xobeh
Qazlal
Ru
Sif Muna
Trog
Uskayaw
Vehumet
Wu Jian
Xom
Yredelemnul
Zin
The Shining One

Shops:
D:4 (


Innate Abilities, Weirdness & Mutations

You are resistant to damage.
You can heal yourself by infusing magical energy.
You passively map the area around you.
You do not regenerate.


Message History

You feel better. The sixfirhy hits your smoke demon.
The sixfirhy shocks your smoke demon! The sixfirhy hits your smoke demon.
The sixfirhy shocks your smoke demon!
Your smoke demon dies!
You block the sixfirhy's attack. x2
The kobold demonologist looks satisfied for a moment.
The orc sorcerer hits you with a +0 war axe.
You slash the orc sorcerer!
The orc sorcerer is moderately wounded.
You miss the sixfirhy.
The sixfirhy hits you but does no damage.
The sixfirhy hits you. The sixfirhy shocks you!
* * * LOW HITPOINT WARNING * * *
You block the sixfirhy's attack.
You closely miss the kobold demonologist.
You hit the orc sorcerer but do no damage.
You closely miss the sixfirhy.
The orc sorcerer gestures at you while chanting.
The bolt of negative energy hits you!!!
You feel drained.
You die...

≈≈ ≈ ≈ ≈≈ ≈≈ ≈ ≈ ≈≈ ≈≈ ≈≈
≈ ≈ ≈ ≈ ≈ *** ≈ ≈ ≈≈ ***
, , , , , , + * *
▒▒▒▒▒▒▒+▒ * , ≈ #≈≈≈≈≈▒,
▒.......▒ , #≈≈≈≈≈▒ ,
▒.8.8.8.+,, , ,
#≈≈≈≈≈▒▒▒▒▒▒.......▒▒ + *
#≈≈≈≈≈≈.▒......▒@o..▒ * ,
#.≈≈≈≈≈.▒......▒K3..▒%%▒,
,,
..≈≈≈≈≈.▒''▒▒▒▒▒....▒..▒
..≈≈≈≈≈.▒)....▒▒....▒..▒
, , ........')....▒▒....▒
▒▒ *
........').⌠..▒▒..⚑.▒
,∩,, ∩
........'.....▒▒....▒+
,** ≈
..≈≈≈≈≈.▒.....▒▒....▒ ,
..≈≈≈≈≈.▒++▒▒▒▒ *, ,,


You could see a kobold demonologist, a sixfirhy and an orc sorcerer.

Vanquished Creatures
  Harold (D:7)
  Pikel (D:7)
  A hippogriff (D:7)
  Duvessa (D:7)
  An eye of draining (D:8)
  A black bear (D:3)
  An ice beast (D:6)
  A sky beast (D:8)
  3 orc warriors
  A centaur (D:5)
  8 ogres
  A crocodile (Sewer)
  2 bullfrogs
  2 scorpions
  Dowan (D:7)
  A wight (D:8)
  A howler monkey (D:4)
  A bullfrog zombie (D:8)
  4 hounds
  2 orc priests
  3 iguanas
  4 orc wizards
  5 worker ants
  A killer bee zombie (D:7)
  A hound skeleton (D:4)
  2 worker ant zombies
  3 gnolls (D:8)
  11 adders
  A river rat (D:6)
  4 shadow imps
  An adder skeleton (D:4)
  A worm (D:6)
  4 dart slugs
  11 leopard geckos
  15 orcs
  4 ball pythons
  10 giant cockroaches
  19 goblins
  8 hobgoblins
  19 jackals
  9 quokkas
  A ball python skeleton (D:4)
  5 bats
  8 frilled lizards
  A giant cockroach zombie (D:3)
  11 kobolds
  A leopard gecko skeleton (D:5)
  11 rats
209 creatures vanquished.

Vanquished Creatures (others)
  A slave (D:7)
  An ogre (D:7)
  A scorpion (D:7)
  A worker ant (D:7)
  An adder (D:7)
  An orc (D:7)
  A quokka (D:7)
  3 fungi (D:4)
10 creatures vanquished.

Grand Total: 219 creatures vanquished

Notes
Turn   | Place    | Note
-------+----------+-------------------------------------------
     0 | D:1      | silenth the Deep Dwarf Fighter began the quest for the Orb.
     0 | D:1      | Reached XP level 1. HP: 20/20 MP: 1/1
   147 | D:1      | Reached XP level 2. HP: 20/27 MP: 2/2
   184 | D:1      | Reached skill level 3 in Axes
   368 | D:1      | Reached skill level 3 in Fighting
   687 | D:1      | Reached XP level 3. HP: 34/34 MP: 3/3
  1182 | D:2      | Reached skill level 4 in Axes
  1205 | D:2      | Reached XP level 4. HP: 39/42 MP: 4/4
  1974 | D:3      | Noticed a black bear
  1986 | D:3      | Killed a black bear
  1986 | D:3      | Reached skill level 5 in Axes
  1986 | D:3      | Reached XP level 5. HP: 28/50 MP: 5/5
  1993 | D:3      | Reached skill level 4 in Fighting
  2356 | D:4      | Found Seumair's Antique Weapon Shoppe.
  2366 | D:4      | Reached XP level 6. HP: 43/57 MP: 6/6
  2382 | D:4      | Reached skill level 6 in Axes
  2803 | D:5      | Entered Level 5 of the Dungeon
  2842 | D:5      | Found a staircase to the Ecumenical Temple.
  2851 | D:5      | Found a blossoming altar of Fedhas.
  2853 | Temple   | Entered the Ecumenical Temple
  3055 | Temple   | Became a worshipper of Makhleb the Destroyer
  3229 | D:5      | Reached skill level 7 in Axes
  3229 | D:5      | Reached XP level 7. HP: 55/66 MP: 7/7
  3300 | D:5      | You fall into a shaft and drop 2 floors!
  3362 | D:6      | Noticed a moth of wrath
  3564 | D:6      | Reached skill level 5 in Fighting
  3761 | D:6      | Reached skill level 8 in Axes
  3818 | D:6      | Found a glowing drain.
  3830 | D:6      | Reached * piety under Makhleb
  3838 | Sewer    | Entered a sewer
  4247 | D:6      | Found a bloodstained altar of Trog.
  4321 | D:5      | Found a radiant altar of Vehumet.
  4321 | D:5      | Found a hide-covered altar of Uskayaw.
  4331 | D:5      | Reached XP level 8. HP: 66/75 MP: 7/7
  4598 | D:5      | Reached skill level 9 in Axes
  4989 | D:7      | Reached skill level 1 in Invocations
  5221 | D:7      | Reached skill level 6 in Fighting
  5223 | D:7      | Reached ** piety under Makhleb
  5224 | D:7      | Noticed Pikel
  5264 | D:7      | Killed Pikel
  5264 | D:7      | Reached skill level 10 in Axes
  5264 | D:7      | Reached skill level 3 in Invocations
  5442 | D:7      | Found an ancient bone altar of Kikubaaqudgha.
  5545 | D:7      | Noticed a hippogriff
  5556 | D:7      | Killed a hippogriff
  5556 | D:7      | Gained mutation: You passively map the area around you.
                  | [Deep Dwarf growth]
  5556 | D:7      | Reached XP level 9. HP: 69/85 MP: 9/9
  5632 | D:7      | Noticed Harold
  5640 | D:7      | Reached skill level 4 in Invocations
  5663 | D:7      | Killed Harold
  5663 | D:7      | Reached skill level 7 in Fighting
  5663 | D:7      | Reached skill level 11 in Axes
  5663 | D:7      | Reached skill level 5 in Invocations
  5797 | D:7      | Noticed Dowan
  5805 | D:7      | Killed Dowan
  5806 | D:7      | Noticed Duvessa
  5820 | D:7      | Killed Duvessa
  6216 | D:8      | Reached skill level 6 in Invocations
  6415 | D:8      | Reached XP level 10. HP: 48/94 MP: 10/10
  6421 | D:8      | Reached *** piety under Makhleb
  6464 | D:8      | HP: 7/96 [ogre/+0 giant club (21)]
  6473 | D:8      | Reached skill level 12 in Axes
  6498 | D:8      | Found a flagged portal.
  6512 | Bailey   | Entered a bailey
  6648 | Bailey   | Found an iron altar of Okawaru.
  6648 | Bailey   | Noticed an orc sorcerer
  6656 | Bailey   | Noticed a sixfirhy
  6659 | Bailey   | Killed from afar by an orc sorcerer

Levels and vault maps discovered:
D:1:      dpeg_arrival_simpleton_b, layout_basic
D:2:      minmay_recursive_quarters, layout_rooms
D:3:      layout_loops_ring, minmay_between
D:4:      layout_rooms, serial_shops, shop, serial_aquarium,
          aquarium_bridge_long_separate [aquarium_subvault_bridge,
          aquarium_subvault_bridge, aquarium_subvault_wall,
          aquarium_subvault_window, aquarium_subvault_bridge,
          aquarium_subvault_window], aquarium_bridge_straight
          [aquarium_subvault_bridge, aquarium_subvault_window,
          aquarium_subvault_bridge, aquarium_subvault_wall], aquarium_window_1,
          aquarium_window_2, aquarium_view_2e, aquarium_pool_corner
D:5:      layout_basic, grunt_temple_overflow_open, minmay_temple_entry_trees,
          basic_altar, serial_co_window_serial, co_window_paths_a,
          co_window_of_opportunity_a, co_window_paths_a, co_window_paths_a,
          co_window_of_opportunity_a, co_window_corner_b, co_window_2corner,
          co_window_unsneaky_path_c, first_ration
D:6:      layout_loops_cross, tgw_trog, portal_sewer_entry_a, dk_noncrumbling_4
D:7:      layout_loops_ring, basic_altar, uniq_harold, uniq_pikel, uniq_duvessa
D:8:      minmay_slanted_spiral_squares, layout_basic, enter_bailey_7
Temple:   eino_narrow_crystal_temple
Bailey:   bailey_axe_of_yendor_kennysheep, bailey

Skill      XL: |  1  2  3  4  5  6  7  8  9 10 |
---------------+-------------------------------+-----
Axes           | 3 4 5 7 8 10 11 12 | 12.0
Fighting       | 3 4 5 6 7 |  7.7
Invocations    | 3 6 |  6.8
Armour         | |  3.2
Shields        | |  3.2

Action                   |  1- 3 |  4- 6 |  7- 9 | 10-12 || total
-------------------------+-------+-------+-------+-------++-------
Melee: War axe           |   134 |   176 |   391 |    38 ||   739
Invok: Lesser Servant of |       |       |       |     1 ||     1
 Abil: Heal Wounds       |     1 |     3 |    12 |     4 ||    20
Evoke: Wand              |       |     1 |     1 |       ||     2
  Use: Scroll            |       |     8 |    14 |       ||    22
  Eat: Chunk             |     1 |     4 |     3 |       ||     8
       Ration            |       |     1 |     3 |       ||     4
Armor: Scale mail        |    69 |    78 |   147 |     7 ||   301
Dodge: Dodged            |    42 |    58 |   108 |     7 ||   215
Block: Shield            |    81 |   105 |   196 |    21 ||   403
